 Dungeon Crawl Stone Soup version 0.31.0-4-g52a2dc7128 (console) character file.

Game seed: 6164656290422659602

1590 AlterAsc the Martial Artist (level 8, -12/45 HPs)
             Began as a Tengu Shapeshifter on Jan 23, 2024.
             Mangled by an ogre
             ... wielding a +0 giant club
              (21 damage)
             ... on level 6 of the Dungeon.
             The game lasted 00:16:11 (4619 turns).

AlterAsc the Martial Artist (Tengu Shapeshifter)    Turns: 4619, Time: 00:16:12

Health: -12/45     AC:  4    Str: 14    XL:     8   Next: 92%
Magic:  9/9        EV: 17    Int: 11    God:
Gold:   468        SH:  5    Dex: 16    Spells: 7/7 levels left

rFire   . .          .
                       - Unarmed
rCold   + . .        (no shield)
rNeg    . . .        n - +2 robe {rC+}
rPois   .            (helmet currently unavailable)
rElec   .            (cloak currently unavailable)
rCorr   .            (gloves currently unavailable)
SInv    .            (boots unavailable)
Will    .....        l - amulet of reflection
Stlth   +            (no ring)
HPRegen 0.27/turn    (no ring)
MPRegen 0.11/turn

%: reflection, acrobat
@: beast-form, flying, studying Long Blades
A: beast (slay +2), flying, beak, talons 3, evasive flight, acrobatic
a: Begin Untransformation


You were on level 6 of the Dungeon.
You were a hulking beast.
You visited 1 branch of the dungeon, and saw 6 of its levels.

You collected 468 gold pieces.

Inventory:

Hand Weapons
 o - the +9 hand axe "Siessot" {freeze, rPois rF+++ rCorr Int-2}
   (You found it on level 3 of the Dungeon)

   Int-2:     It affects your intelligence (-2).
   rF+++:     It renders you almost immune to fire.
   rPois:     It protects you from poison rCorr: It protects you from acid and
   corrosion.
Missiles
 A - 3 poisoned darts (quivered)
Armour
 a - a +0 animal skin
 k - a +0 scale mail
 n - a +2 robe of cold resistance (worn)
 u - a +0 ring mail
 C - a +2 robe of positive energy
Jewellery
 j - an amulet of magic regeneration
 l - an amulet of reflection (around neck)
 B - a ring of wizardry
 F - an amulet of guardian spirit
Talismans
 c - a beast talisman (active)
 d - a flux talisman
Wands
 E - a wand of flame (22)
Scrolls
 e - 2 scrolls of poison {unknown}
 f - 7 scrolls of identify {unknown}
 h - 3 scrolls of blinking {unknown}
 m - 4 scrolls of amnesia {unknown}
 p - a scroll of vulnerability {unknown}
 r - 2 scrolls of teleportation {unknown}
 y - a scroll of immolation {unknown}
Potions
 b - a potion of lignification
 g - 3 potions of enlightenment {unknown}
 i - 4 potions of curing {unknown}
 q - a potion of attraction {unknown}
 s - a potion of brilliance {unknown}
 t - a potion of resistance {unknown}
 v - 2 potions of heal wounds {unknown}
 w - a potion of degeneration {unknown}
 x - a potion of ambrosia {unknown}
 z - a potion of haste {unknown}
 D - a potion of invisibility {unknown}


   Skills:
 + Level 2.6 Fighting
 + Level 3.5 Dodging
 * Level 11.2 Unarmed Combat
 - Level 3.7 Shapeshifting


You had 7 spell levels left.
You didn't know any spells.
Your spell library contained the following spells:

 Spells                   Type           Power      Damage    Failure   Level
 Apportation              Tloc           0%         N/A       34%         1
 Necrotise                Necr           0%         1d4       34%         1
 Shock                    Conj/Air       0%         1d3       34%         1
 Slow                     Hex            0%         N/A       34%         1
 Sting                    Conj/Alch      0%         1d3       34%         1
 Summon Small Mammal      Summ           0%         N/A       34%         1
 Confusing Touch          Hex            0%         N/A       71%         3
 Sigil of Binding         Hex            0%         N/A       71%         3
 Swiftness                Air            0%         N/A       71%         3
 Vampiric Draining        Necr           0%         2d6       71%         3
 Airstrike                Air            0%         2d(0-16)  98%         4
 Haunt                    Necr/Summ      0%         N/A       100%        7
 Borgnjor's Revivificati  Necr           0%         N/A       100%        8
 Death's Door             Necr           0%         N/A       100%        9


Dungeon Overview and Level Annotations

Branches:
Dungeon (6/15)
 Temple: D:4-7

Altars:
Fedhas
Wu Jian

Shops:
D:1 *(?!


Innate Abilities, Weirdness & Mutations

You are a hulking beast.
Your limbs bulge with bestial killing power. (Slay +2)
You are flying.
You have a beak for a mouth.
You have claws for feet.
Your magical flight helps you evade attacks. (EV +4)
You can magically evade attacks while moving or waiting.


Message History

Your punch misses the water moccasin.
The water moccasin is lightly wounded.
The water moccasin bites you!
You hit the water moccasin. You claw the water moccasin!
The water moccasin is severely wounded.
The water moccasin bites you but does no damage.
You punch the water moccasin! Your kick misses the water moccasin.
Your peck misses the water moccasin.
The water moccasin is almost dead.
The water moccasin barely misses you. You block the water moccasin's attack.
You closely miss the water moccasin. Your kick misses the water moccasin.
Your peck misses the water moccasin.
The water moccasin is almost dead.
The water moccasin bites you.
You hit the water moccasin.
You kill the water moccasin!
You start resting.
HP restored.
Found 16 gold pieces.
f - 7 scrolls labelled GUOPHO CUUDELE (gained 1)
Found 17 gold pieces.
F - an amulet of guardian spirit You now have 468 gold pieces (gained 16).
A bombardier beetle comes into view.
Found 2 scrolls labelled ARIGEETHR XEIFE and a chain mail.
An ogre comes into view. It is wielding a +0 giant club.
The ogre shouts!
You see here a smoky brown potion.
There is a stone staircase leading up here.
You barely miss the ogre. You claw the ogre.
The ogre is lightly wounded.
The ogre hits you with a +0 giant club!!
You hit the ogre.
The ogre is moderately wounded.
You punch the ogre! Your kick misses the ogre.
The ogre is heavily wounded.
The ogre hits you with a +0 giant club!
* * * LOW HITPOINT WARNING * * *
You punch the ogre! Your kick misses the ogre.
The ogre is severely wounded.
The ogre hits you with a +0 giant club!!
You die...

###+ #############
.##...##..##.......##.
.........<.....†......
......................
...>..................
#######.....hO..B..##########
#....###########...##.......#
#....##.......##.............
#.............†..............
#.............##...##B.......
#............ #...##.......#
#........... .....##.......#
#<...# ... ...........!.....
#....# .. ..................
.........+ .
......)........... .........#
#####.............


You could see an ogre and a bombardier beetle.

Vanquished Creatures
  Pikel (D:5)
  Sigmund (D:2)
  2 water moccasins (D:6)
  2 ogres
  4 lemures (D:5)
  Blork the orc (D:5)
  A scorpion (D:5)
  3 bombardier beetles
  2 sleepcaps
  3 iguanas
  Jessica (D:3)
  Terence (D:2)
  Natasha (thrice) (D:2)
  8 adders
  4 ribbon worms
  5 dart slugs
  2 orcs
  8 endoplasms
  5 giant cockroaches
  6 goblins
  5 hobgoblins
  6 jackals
  2 quokkas
  9 ball pythons
  7 bats
  5 frilled lizards
  7 kobolds
  6 rats
110 creatures vanquished.

Notes
Turn   | Place    | Note
-------+----------+-------------------------------------------
     0 | D:1      | AlterAsc the Tengu Shapeshifter began the quest for the
                  | Orb.
     0 | D:1      | Reached XP level 1. HP: 12/12 MP: 2/2
    66 | D:1      | Found Joisol's Magic Scroll Shop.
    72 | D:1      | Reached XP level 2. HP: 16/16 MP: 3/3
   288 | D:1      | Found a faded altar of an unknown god.
   310 | D:1      | Reached skill level 4 in Unarmed Combat
   333 | D:1      | Reached XP level 3. HP: 13/20 MP: 4/4
   379 | D:1      | Found Obyduy's Antique Weapon Boutique.
   437 | D:1      | Found Gimuff's Assorted Antiques.
   742 | D:1      | Found Xucsez's Distillery.
   833 | D:2      | Noticed Terence
   902 | D:2      | Noticed Natasha
   921 | D:2      | HP: 1/20 [Natasha (8)]
   922 | D:2      | Killed Natasha
   923 | D:2      | Reached XP level 4. HP: 2/25 MP: 5/5
  1145 | D:2      | Noticed Natasha
  1171 | D:2      | Killed Natasha
  1172 | D:2      | Reached skill level 5 in Unarmed Combat
  1277 | D:2      | Reached XP level 5. HP: 29/29 MP: 6/6
  1411 | D:2      | Noticed Sigmund
  1603 | D:3      | Noticed Jessica
  1610 | D:3      | Killed Jessica
  1611 | D:3      | Reached skill level 6 in Unarmed Combat
  1625 | D:3      | Identified the +9 hand axe "Siessot" {freeze, rPois rF+++
                  | rCorr Int-2}
  1847 | D:3      | Reached XP level 6. HP: 31/34 MP: 7/7
  2440 | D:4      | Reached skill level 7 in Unarmed Combat
  2894 | D:5      | Entered Level 5 of the Dungeon
  2946 | D:5      | Gained mutation: Your magical flight helps you evade
                  | attacks. (EV +4) [Tengu growth]
  2946 | D:5      | Reached XP level 7. HP: 30/38 MP: 8/8
  3059 | D:5      | Noticed Blork the orc
  3069 | D:5      | Killed Blork the orc
  3070 | D:5      | Reached skill level 8 in Unarmed Combat
  3098 | D:5      | Noticed Pikel
  3405 | D:5      | Found a blossoming altar of Fedhas.
  3409 | D:5      | Found an ornate altar of the Wu Jian Council.
  3644 | D:5      | Killed Pikel
  3645 | D:5      | Reached skill level 10 in Unarmed Combat
  3645 | D:5      | Reached XP level 8. HP: 43/43 MP: 9/9
  3679 | D:5      | Identified the +0 plate armour of Indomitability {-Tele
                  | rElec rF++ Regen+}
  4125 | D:2      | Killed Terence
  4422 | D:2      | Killed Sigmund
  4423 | D:2      | Reached skill level 11 in Unarmed Combat
  4440 | D:2      | Noticed Natasha
  4445 | D:2      | Killed Natasha
  4619 | D:6      | Mangled by an ogre

Illustrated notes

Levels and vault maps discovered:
D:1:      nzn_arrival_water_spiral, layout_basic, basic_ecumenical_altar,
          serial_shops, nicolae_shop_waterfront, shop, nicolae_lakefront_shop,
          shop, minmay_misc_feat_rugged
D:2:      layout_basic, serial_bayou_lake_a, uniq_terence, uniq_sigmund,
          uniq_natasha
D:3:      layout_basic, dk_noncrumbling_2, uniq_jessica
D:4:      layout_loops_ring, minmay_gold_behind_fungi, minmay_manual_moon
D:5:      layout_basic, chequers_temple_overflow_statue_of_worship,
          serial_aquarium, aquarium_bridge_island_small
          [aquarium_subvault_small_water, aquarium_subvault_bridge,
          aquarium_subvault_bridge, aquarium_subvault_bridge,
          aquarium_subvault_wall], aquarium_window_corner, aquarium_window_fake,
          aquarium_window_corner, aquarium_window_2, aquarium_view_2e,
          aquarium_view_2a, aquarium_balcony_5b, aquarium_pool_2, uniq_pikel,
          uniq_blork_the_orc
D:6:      layout_gridville, minmay_small_thing

Skill      XL: |  1  2  3  4  5  6  7  8 |
---------------+-------------------------+-----
Unarmed Combat | 4 5 6 7 10 11 | 11.2
Shapeshifting  | 3 |  3.7
Fighting       | 2 |  2.6
Dodging        | 3 |  3.5

Action                     |  1- 3 |  4- 6 |  7- 9 || total
---------------------------+-------+-------+-------++-------
  Melee: Unarmed           |    53 |   126 |    80 ||   259
         Kick              |    13 |    34 |    20 ||    67
         Peck              |     6 |    23 |    17 ||    46
         Punch             |       |     4 |     3 ||     7
  Throw: Dart              |       |     5 |     6 ||    11
    Use: Potion            |       |       |     1 ||     1
   Stab: Sleeping          |     1 |     1 |       ||     2
 Armour: Animal skin       |    20 |     2 |       ||    22
         Scale mail        |       |    22 |       ||    22
         Skin              |       |     7 |     2 ||     9
         Robe              |       |     9 |    19 ||    28
  Dodge: Dodged            |    41 |    94 |    26 ||   161
  Block: Other             |       |    18 |    11 ||    29
         Reflection        |       |     1 |     1 ||     2
   Form: Beast             |       |     1 |       ||     1
